 Dungeon Crawl Stone Soup version 0.30-a0-808-g6e0788376e (webtiles) character file.

Game seed: 1726159903987953472

108179 juan097 the Covert (level 16, -5/129 HPs)
             Began as a Gnoll Fighter on Feb 25, 2023.
             Was an Initiate of Gozag.
             Slain by Nialiw's ghost (16 damage)
             ... on level 13 of the Dungeon.
             The game lasted 01:35:27 (28098 turns).

juan097 the Covert (Gnoll Fighter)                 Turns: 28098, Time: 01:35:28

Health: -5/129     AC: 17    Str: 21    XL:     16   Next: 48%
Magic:  30/30      EV: 16    Int: 12    God:    Gozag
Gold:   3063       SH:  9    Dex: 15    Spells: 15/36 levels left

rFire   + + .      SeeInvis +    a - +2 eveningstar (vamp)
rCold   + . .      Faith    .    i - +2 buckler {rC+ rF+}
rNeg    . . .      Spirit   .    c - +3 ring mail {rF+}
rPois   +          Reflect  .    v - +2 helmet {Int+3}
rElec   .          Harm     .    O - scarf {repulsion}
rCorr   .          Rampage  .    (no gloves)
Will    +....                    q - +2 pair of boots
Stlth   +++++                    B - amulet of the acrobat
HPRegen 0.41/turn                N - +4 ring of slaying
MPRegen 0.22/turn                o - ring "Com Bacw" {Drain rPois Int+2 Slay+2 SInv, =R}

@: mighty, wereblooded, studying Stealth, repel missiles
A: fangs 1, strong nose, distributed training
a: Renounce Religion, Potion Petition, Call Merchant, Bribe Branch


You were on level 13 of the Dungeon.
You worshipped Gozag.
Gozag was most pleased with you.
You visited 3 branches of the dungeon, and saw 20 of its levels.
You visited 1 bazaar.
You also visited: Sewer.

You collected 8138 gold pieces.
You spent 4434 gold pieces at shops.
You paid 641 gold pieces to Gozag.

Inventory:

Hand Weapons
 a - a +2 vampiric eveningstar (weapon)
 b - a +4 dagger
 r - the +6 mace of the Holding Queen {vamp, rElec rN+ rCorr}
   (You bought it in a shop in a bazaar)

   rElec:     It insulates you from electricity.
   rN:        It protects you from negative energy.
   rCorr:     It protects you from acid and corrosion.
 Y - the +3 flail of the Transparent God {venom, +Blink Will+}
   (You found it on level 4 of the Lair of Beasts)

   +Blink:    It lets you blink.
   Will:      It increases your willpower.
Missiles
 l - 2 silver javelins
 n - 22 poisoned darts
 s - 17 boomerangs (quivered)
 D - 7 javelins
 G - 3 silver boomerangs
 L - 9 atropa-tipped darts
Armour
 c - a +3 ring mail of fire resistance (worn)
 i - a +2 buckler of resistance (worn)
 q - a +2 pair of boots (worn)
 v - a +2 helmet of intelligence (worn)
 O - a scarf of repulsion (worn)
Jewellery
 e - a ring of protection from cold
 o - the ring "Com Bacw" (right hand) {Drain rPois Int+2 Slay+2 SInv, =R}
   (You bought it in a shop in a bazaar)

   [ring of poison resistance]

   Int:       It affects your intelligence (+2).
   Slay:      It affects your accuracy & damage with ranged weapons and melee
   (+2).
   rPois:     It protects you from poison.
   SInv:      It lets you see invisible.
   Drain:     It drains your maximum health when unequipped.
 A - a ring of protection from fire
 B - an amulet of the acrobat (around neck)
 H - a ring of willpower
 N - a +4 ring of slaying (left hand)
 U - a ring of resist corrosion
Wands
 g - a wand of flame (29)
 h - a wand of paralysis (11)
 y - a wand of roots (21)
 W - a wand of acid (3)
 Z - a wand of mindburst (18)
Scrolls
 j - 4 scrolls of magic mapping
 k - 15 scrolls of teleportation
 p - 6 scrolls of fog
 w - 2 scrolls of enchant armour
 z - a scroll of noise {unknown}
 I - 5 scrolls of poison
 M - 2 scrolls of butterflies
 P - a scroll of silence {unknown}
 S - a scroll of blinking
Potions
 d - 6 potions of might
 f - a potion of invisibility
 m - 6 potions of mutation {unknown}
 t - 11 potions of curing
 u - 2 potions of resistance
 C - 3 potions of attraction
 E - a potion of cancellation
 F - 4 potions of flight
 J - 5 potions of heal wounds {unknown}
 K - 2 potions of berserk rage
 Q - 2 potions of magic
 R - 3 potions of haste {unknown}
 T - 3 potions of lignification {unknown}
 V - 2 potions of ambrosia {unknown}
 X - a potion of brilliance {unknown}
Miscellaneous
 x - a phial of floods


   Skills:
 + Level 12.5 Fighting
 + Level 10.8 Short Blades
 + Level 10.8 Long Blades
 + Level 10.8 Axes
 + Level 11.7 Maces & Flails
 + Level 10.8 Polearms
 + Level 10.8 Staves
 + Level 10.8 Ranged Weapons
 + Level 10.8 Throwing
 + Level 12.5 Armour
 + Level 10.8 Dodging
 + Level 14.1 Stealth
 + Level 12.5 Shields
 + Level 10.8 Unarmed Combat
 + Level 10.8 Spellcasting
 + Level 9.1 Conjurations
 + Level 9.1 Hexes
 + Level 9.1 Summonings
 + Level 9.1 Necromancy
 + Level 9.1 Translocations
 + Level 9.1 Transmutations
 + Level 9.1 Fire Magic
 + Level 9.1 Ice Magic
 + Level 9.1 Air Magic
 + Level 9.1 Earth Magic
 + Level 9.1 Poison Magic
 + Level 11.7 Invocations
 + Level 10.8 Evocations


You had 15 spell levels left.
You knew the following spells:

 Your Spells              Type           Power      Damage    Failure   Level
a - Slow                  Hex            100%       N/A       1%          1
b - Wereblood             Tmut           28%        N/A       1%          2
c - Confusing Touch       Hex            28%        N/A       1%          3
d - Ozocubu's Armour      Ice            28%        N/A       1%          3
e - Passwall              Tmut/Erth      23%        N/A       1%          2
f - Swiftness             Air            28%        N/A       1%          3
g - Apportation           Tloc           56%        N/A       1%          1
h - Blink                 Tloc           56%        N/A       1%          2
i - Cause Fear            Hex            14%        N/A       4%          4

Your spell library contained the following spells:

 Spells                   Type           Power      Damage    Failure   Level
 Beastly Appendage        Tmut           56%        N/A       1%          1
 Freeze                   Ice            100%       1d10      1%          1
 Necrotise                Necr           100%       1d9       1%          1
 Sandblast                Erth           56%        2d13      1%          1
 Sting                    Tmut/Pois      100%       1d8       1%          1
 Summon Small Mammal      Summ           100%       N/A       1%          1
 Ensorcelled Hibernation  Hex/Ice        56%        N/A       1%          2
 Sublimation of Blood     Necr           28%        N/A       1%          2
 Dazzling Flash           Conj/Hex       56%        N/A       1%          3
 Kindle Blastsparks       Fire/Tloc/Air  56%        2d14      1%          3
 Spider Form              Tmut/Pois      28%        N/A       1%          3
 Stone Arrow              Conj/Erth      56%        3d10      1%          3
 Tukima's Dance           Hex            28%        N/A       1%          3
 Vampiric Draining        Necr           28%        2d8       1%          3
 Airstrike                Air            14%        2d(2-18)  4%          4
 Animate Armour           Summ/Erth      56%        N/A       4%          4
 Fulminant Prism          Conj/Hex       14%        3d9       4%          4
 Iskenderun's Mystic Bla  Conj/Tloc      28%        2d7       4%          4
 Manifold Assault         Tloc           28%        N/A       4%          4
 Passage of Golubria      Tloc           28%        N/A       4%          4
 Summon Lightning Spire   Summ/Air       28%        N/A       4%          4
 Agony                    Necr           28%        N/A       12%         5
 Lee's Rapid Deconstruct  Erth           14%        3d9*      12%         5
 Lightning Bolt           Conj/Air       14%        1d27      12%         5
 Metabolic Englaciation   Hex/Ice        14%        N/A       12%         5
 Silence                  Hex/Air        14%        N/A       12%         5
 Yara's Violent Unravell  Hex/Tmut       14%        3d7       12%         5
 Dragon Form              Tmut           14%        N/A       98%         7
 Ozocubu's Refrigeration  Ice            14%        4d10      98%         7
 Storm Form               Tmut/Air       14%        N/A       98%         7
 Summon Hydra             Summ           14%        N/A       98%         7
 Lehudib's Crystal Spear  Conj/Erth      14%        10d5      100%        8
 Maxwell's Capacitive Co  Air            14%        ∞         100%        8
 Chain Lightning          Conj/Air       14%        3d18      100%        9
 Dragon's Call            Summ           14%        N/A       100%        9
 Fire Storm               Conj/Fire      14%        8d4       100%        9
 Shatter                  Erth           14%        3d14*     100%        9
 Animate Dead             Necr           Unusable   N/A       N/A         4
 Simulacrum               Ice/Necr       Unusable   N/A       N/A         6

Dungeon Overview and Level Annotations

Branches:
Dungeon (13/15)            Temple (0/1) D:6            Lair (5/5) D:10
 Shoals (0/4) Lair:3       Spider (0/4) Lair:3        Slime (0/5) Lair:5
    Orc (2/2) D:12            Elf (0/3) Orc:2         Sewer (visited)
 Vaults: D:13-14

Altars:
Cheibriados
Elyvilon
Gozag
Hepliaklqana
Makhleb
Okawaru
Qazlal
Sif Muna
Uskayaw
Xom
Jiyva
Lugonu

Shops:
D:7 =   D:8 [   Orc:2 (:[([

Portals:
Abyss: Lair:5

Annotations:
D:13 Nialiw's ghost, journeyman GnHu
Lair:4 3 runed translucent doors, jasper's ghost, journeyman DsCA
Orc:1 1 transporter


Innate Abilities, Weirdness & Mutations

You have very sharp teeth.
Your uncanny sense of smell can sniff out nearby items.
Your experience applies equally to all skills.


Message History

The centaur warrior simulacrum misses you.
The centaur warrior simulacrum barely misses you.
The centaur warrior simulacrum closely misses you.
You bludgeon the centaur warrior simulacrum!!
The centaur warrior simulacrum vaporises!
You feel a bit better.
You see here 13 gold pieces.
There is an open translucent gate here.
Press: ? - help, v - describe, . - travel
Here: Nialiw's ghost, wielding a weapon of electrocution (wandering, hasn't noticed you)
The floor.
Throw: 3 boomerangs (silver)
Press: ? - help, Shift-Dir - straight line, f - Nialiw's ghost
Aim: Nialiw's ghost, wielding a weapon of electrocution (wandering, hasn't noticed you, 68% to hit)
You throw a silver boomerang.
The silver boomerang barely misses Nialiw's ghost.
Nialiw's ghost turns its malevolent gaze towards you.
You see here 13 gold pieces.
You howl as the wereblood boils in your veins!
You feel very mighty all of a sudden.
You howl as the wereblood boils in your veins!
Nialiw's ghost misses you.
You see here 13 gold pieces.
You hit Nialiw's ghost but do no damage.
Your bite misses Nialiw's ghost. You block Nialiw's ghost's attack.
You closely miss Nialiw's ghost. Nialiw's ghost hits you!!
You are electrocuted!
You puncture Nialiw's ghost! Your bite misses Nialiw's ghost.
Nialiw's ghost is lightly damaged.
You howl as the wereblood boils in your veins!
Nialiw's ghost hits you!!
You are electrocuted!
* * * LOW HITPOINT WARNING * * *
You barely miss Nialiw's ghost. You bite Nialiw's ghost!
Nialiw's ghost is moderately damaged.
You howl as the wereblood boils in your veins!
Nialiw's ghost hits you!!
* * * LOW HITPOINT WARNING * * *
You are electrocuted!
You die...
Your body crumbles into a pile of gold.

###.#...#........######.......#
#...'...#........# #.......#
#...##'##........# #.....<.#
#................# #........
###......#####.....# #........
.........# #.....# #........
.........# ##.....# #........
.........# #...$..######........
.###'#...# ##...@................
.#...#...###..###W''###..........
.#...#...##..##.......##.##+##...
.#...#...##.##.........#.....#...
.#####......#..........##........
...........##....####...#.....###
######.....#...###=)##..##...##.#
# #.....#..##.?..$ #..#...#... ##
#.....#..#...Z.. #..#...##.#


You could see Nialiw's ghost.

Vanquished Creatures
  Kirke (Lair:4)
  Fannar (Lair:2)
  A catoblepas (D:13)
  3 centaur warriors (D:13)
  3 hydras
  2 boulder beetles
  8 death yaks
  2 two-headed ogres
  An orc high priest (Orc:2)
  2 thrashing horrors (Lair:5)
  A tengu warrior (D:13)
  3 skysharks (Lair:5)
  Nergalle (Lair:2)
  An orc knight (Orc:2)
  A wolf spider (D:13)
  Pikel (D:6)
  9 ugly things
  9 orc sorcerers (Orc:2)
  2 manticores
  A cyclops (D:13)
  7 elephants
  A merfolk siren (Lair:3)
  4 black mambas (Lair:4)
  2 gargoyles
  11 cane toads
  A torpor snail (Lair:1)
  2 unseen horrors
  6 komodo dragons
  8 rime drakes
  An efreet (D:13)
  An ancient zyme (Lair:5)
  An ice devil (D:13)
  A yaktaur (D:13)
  3 tengu conjurers (D:13)
  10 trolls
  A polar bear (Lair:3)
  A merfolk (Lair:3)
  A wind drake (shapeshifter) (Lair:5)
  A raiju (shapeshifter) (Lair:5)
  5 large abominations (Lair:5)
  A hornet (D:9)
  Grinder (D:5)
  9 dream sheep
  31 blink frogs
  5 centaur simulacra (D:13)
  A slime creature (D:9)
  2 jumping spiders (shapeshifter)
  2 shadows
  A jumping spider (Lair:3)
  A vampire (D:13)
  The ghost of TheSexyCheese the Shield-Bearer, an amateur TrFi (D:3)
  5 wraiths
  A ynoxinul (Lair:5)
  8 wyverns
  A hog (Lair:4)
  52 yaks
  4 basilisks
  3 steam dragons
  3 chaos spawn (Lair:5)
  9 wargs
  6 vampire mosquitoes
  Menkaure (D:7)
  7 acid dragons
  2 water moccasins (shapeshifter) (D:13)
  12 small abominations (Lair:5)
  8 water moccasins
  Duvessa (D:4)
  3 ice beasts
  3 black bears
  22 orc warriors
  A sky beast (D:7)
  3 ogres
  9 centaurs
  33 wolves
  A phantom (D:5)
  A kobold brigand (D:9)
  3 lemures (D:6)
  A necrophage (D:6)
  3 bullfrogs
  4 gnoll sergeants
  4 scorpions
  18 wights
  Dowan (D:4)
  4 killer bees (D:9)
  7 howler monkeys
  6 jellies
  A gnoll bouda (D:2)
  8 orc priests
  2 hounds
  2 iguanas
  45 orc wizards
  Natasha (thrice) (D:3)
  Robin (D:3)
  20 gnolls
  12 adders
  10 river rats
  2 white imps (D:7)
  An ufetubus (D:6)
  5 worms
  2 dart slugs
  80 orcs
  13 ball pythons
  7 endoplasms
  4 giant cockroaches
  8 hobgoblins
  7 jackals
  6 bats
  9 frilled lizards
  16 goblins
  8 kobolds
  12 rats
  A spectral kobold (D:8)
711 creatures vanquished.

Vanquished Creatures (others)
  A slime creature (D:13)
  3 humans (Lair:5)
  An orc wizard (Orc:2)
  An orc (Orc:2)
  26 fungi
  26 plants
58 creatures vanquished.

Grand Total: 769 creatures vanquished

Notes
Turn   | Place    | Note
-------+----------+-------------------------------------------
     0 | D:1      | juan097 the Gnoll Fighter began the quest for the Orb.
     0 | D:1      | Reached XP level 1. HP: 23/23 MP: 1/1
    98 | D:1      | Reached XP level 2. HP: 24/29 MP: 2/2
   766 | D:2      | Reached XP level 3. HP: 34/35 MP: 3/3
   821 | D:2      | Reached skill level 1 in Short Blades
   821 | D:2      | Reached skill level 1 in Long Blades
   821 | D:2      | Reached skill level 1 in Axes
   821 | D:2      | Reached skill level 1 in Polearms
   821 | D:2      | Reached skill level 1 in Staves
   821 | D:2      | Reached skill level 1 in Ranged Weapons
   821 | D:2      | Reached skill level 1 in Throwing
   821 | D:2      | Reached skill level 1 in Dodging
   821 | D:2      | Reached skill level 1 in Stealth
   821 | D:2      | Reached skill level 1 in Unarmed Combat
   821 | D:2      | Reached skill level 1 in Spellcasting
   821 | D:2      | Reached skill level 1 in Invocations
   821 | D:2      | Reached skill level 1 in Evocations
   827 | D:2      | Reached XP level 4. HP: 14/41 MP: 3/5
   838 | D:2      | Reached skill level 1 in Conjurations
   838 | D:2      | Reached skill level 1 in Hexes
   838 | D:2      | Reached skill level 1 in Summonings
   838 | D:2      | Reached skill level 1 in Necromancy
   838 | D:2      | Reached skill level 1 in Translocations
   838 | D:2      | Reached skill level 1 in Transmutations
   838 | D:2      | Reached skill level 1 in Fire Magic
   838 | D:2      | Reached skill level 1 in Ice Magic
   838 | D:2      | Reached skill level 1 in Air Magic
   838 | D:2      | Reached skill level 1 in Earth Magic
   838 | D:2      | Reached skill level 1 in Poison Magic
   883 | D:2      | Found a snail-covered altar of Cheibriados.
  1217 | D:2      | Reached XP level 5. HP: 47/47 MP: 7/7
  1445 | D:3      | Noticed Robin
  1529 | D:3      | Noticed Natasha
  1537 | D:3      | Killed Natasha
  1603 | D:3      | Noticed Natasha
  1613 | D:3      | Killed Natasha
  1679 | D:3      | Noticed Natasha
  1699 | D:3      | Killed Natasha
  1700 | D:3      | Reached XP level 6. HP: 29/53 MP: 8/8
  1745 | D:3      | Killed Robin
  1817 | D:3      | Reached skill level 5 in Maces & Flails
  1823 | D:3      | Reached skill level 2 in Stealth
  1837 | D:3      | Found a hide-covered altar of Uskayaw.
  2077 | D:3      | Found a large runed translucent door.
  2077 | D:3      | Found a large runed translucent door.
  2079 | D:3      | Noticed TheSexyCheese's ghost (amateur TrFi)
  2464 | D:4      | Found a glowing drain.
  2506 | Sewer    | Entered a sewer
  2631 | Sewer    | Reached XP level 7. HP: 60/60 MP: 10/10
  3039 | D:4      | Noticed Duvessa
  3049 | D:4      | Killed Duvessa
  3049 | D:4      | Noticed Dowan
  3055 | D:4      | Killed Dowan
  3288 | D:4      | Found an opulent altar of Gozag.
  3730 | D:5      | Entered Level 5 of the Dungeon
  3799 | D:4      | Became a worshipper of Gozag Ym Sagoz the Greedy
  3983 | D:5      | Found a white marble altar of Elyvilon.
  4193 | D:5      | Reached skill level 3 in Stealth
  4193 | D:5      | Reached XP level 8. HP: 67/67 MP: 10/12
  4299 | D:5      | Noticed Grinder
  4385 | D:5      | Found a burning altar of Makhleb.
  4437 | D:6      | Found a staircase to the Ecumenical Temple.
  5458 | D:7      | Noticed Pikel
  5479 | D:7      | Noticed Menkaure
  5494 | D:6      | Reached XP level 9. HP: 12/73 MP: 2/14
  5713 | D:6      | Reached skill level 4 in Stealth
  6177 | D:7      | Killed Menkaure
  6396 | D:6      | Reached skill level 5 in Invocations
  6656 | D:6      | Killed Pikel
  6794 | D:7      | Reached skill level 5 in Short Blades
  6794 | D:7      | Reached skill level 5 in Long Blades
  6794 | D:7      | Reached skill level 5 in Axes
  6794 | D:7      | Reached skill level 5 in Polearms
  6794 | D:7      | Reached skill level 5 in Staves
  6794 | D:7      | Reached skill level 5 in Ranged Weapons
  6794 | D:7      | Reached skill level 5 in Throwing
  6794 | D:7      | Reached skill level 5 in Dodging
  6794 | D:7      | Reached skill level 5 in Stealth
  6794 | D:7      | Reached skill level 5 in Unarmed Combat
  6794 | D:7      | Reached skill level 5 in Spellcasting
  6794 | D:7      | Reached skill level 5 in Evocations
  6794 | D:7      | Reached XP level 10. HP: 77/81 MP: 5/17
  6911 | D:7      | Identified the +3 spear of the Iron City of Dis {freeze,
                  | Fly rC+}
  7022 | D:7      | Found Biopsur's Jewellery Emporium.
  7416 | D:5      | Paralysed by Grinder for 2 turns
  7422 | D:5      | Killed Grinder
  8188 | D:8      | Upgraded the game from 0.30-a0-802-gb92711bcdf to
                  | 0.30-a0-808-g6e0788376e
  8283 | D:8      | Found Bece Cirph's Antique Armour Boutique.
  8445 | D:8      | Learned a level 1 spell: Slow
  8449 | D:8      | Learned a level 3 spell: Confusing Touch
  8507 | D:8      | Bought a runed leather armour for 165 gold pieces
  8507 | D:8      | Bought a glowing scarf for 264 gold pieces
  9258 | D:8      | Found a stormy altar of Qazlal.
  9430 | D:8      | Found a hazy altar of Hepliaklqana.
  9610 | D:8      | Reached skill level 6 in Stealth
  9912 | D:9      | Noticed a two-headed ogre
 10000 | D:9      | Killed a two-headed ogre
 10105 | D:9      | Found a shimmering altar of Xom.
 10143 | D:9      | Reached skill level 5 in Conjurations
 10143 | D:9      | Reached skill level 5 in Hexes
 10143 | D:9      | Reached skill level 5 in Summonings
 10143 | D:9      | Reached skill level 5 in Necromancy
 10143 | D:9      | Reached skill level 5 in Translocations
 10143 | D:9      | Reached skill level 5 in Transmutations
 10143 | D:9      | Reached skill level 5 in Fire Magic
 10143 | D:9      | Reached skill level 5 in Ice Magic
 10143 | D:9      | Reached skill level 5 in Air Magic
 10143 | D:9      | Reached skill level 5 in Earth Magic
 10143 | D:9      | Reached skill level 5 in Poison Magic
 10143 | D:9      | Reached XP level 11. HP: 67/89 MP: 4/20
 10264 | D:9      | Reached skill level 7 in Stealth
 10730 | D:9      | Noticed a boulder beetle
 10755 | D:9      | Killed a boulder beetle
 10900 | D:9      | Noticed a red ugly thing
 10917 | D:9      | Noticed a white ugly thing
 10917 | D:9      | Noticed a lindwurm
 11041 | D:9      | Found a shimmering altar of Xom.
 11045 | D:9      | Found a shimmering altar of Xom.
 11046 | D:9      | Found a shimmering altar of Xom.
 11247 | D:9      | Found a shimmering blue altar of Sif Muna.
 11305 | D:10     | Entered Level 10 of the Dungeon
 11311 | D:10     | Reached skill level 8 in Stealth
 11833 | D:10     | Found a staircase to the Lair.
 12065 | D:10     | Found an iron altar of Okawaru.
 12069 | D:10     | Learned a level 2 spell: Wereblood
 12663 | D:3      | Killed TheSexyCheese's ghost
 12927 | D:9      | Killed a white ugly thing
 12949 | D:9      | Killed a red ugly thing
 12950 | D:9      | Reached XP level 12. HP: 80/97 MP: 18/22
 13080 | Lair:1   | Entered Level 1 of the Lair of Beasts
 13261 | Lair:1   | Reached skill level 9 in Stealth
 13324 | Lair:1   | Noticed a death yak
 13363 | Lair:1   | Killed a death yak
 13385 | Lair:1   | Noticed a death yak
 13388 | Lair:1   | Noticed a death yak
 13389 | Lair:1   | Noticed a death yak
 13442 | D:10     | Killed a death yak
 13454 | Lair:1   | Killed a death yak
 13455 | Lair:1   | Reached skill level 10 in Fighting
 13455 | Lair:1   | Reached skill level 10 in Armour
 13455 | Lair:1   | Reached skill level 10 in Shields
 13902 | Lair:1   | Noticed a death yak
 14030 | Lair:1   | Killed a death yak
 14379 | Lair:1   | Killed a death yak
 14736 | Lair:2   | Noticed Fannar
 15224 | Lair:2   | Reached skill level 10 in Stealth
 15936 | Lair:2   | Reached XP level 13. HP: 90/104 MP: 22/25
 16233 | Lair:2   | Noticed Nergalle
 16267 | Lair:2   | Killed Nergalle
 17215 | Lair:3   | Found a snail-covered altar of Cheibriados.
 17460 | Lair:3   | Found a staircase to the Shoals.
 17477 | Lair:3   | Reached skill level 11 in Stealth
 17557 | Lair:3   | You fall into a shaft and drop 2 floors!
 17557 | Lair:5   | Entered Level 5 of the Lair of Beasts
 17716 | Lair:3   | Found a hole to the Spider Nest.
 18139 | Lair:4   | Found a runed translucent gate.
 18153 | Lair:4   | Identified the +3 flail of the Transparent God {venom,
                  | +Blink Will+}
 18327 | Lair:4   | Found a runed translucent gate.
 18327 | Lair:4   | Found a runed translucent gate.
 18329 | Lair:4   | Noticed jasper's ghost (journeyman DsCA)
 18401 | Lair:4   | Reached skill level 10 in Maces & Flails
 18552 | Lair:4   | Learned a level 3 spell: Ozocubu's Armour
 18914 | Lair:5   | Noticed Kirke
 19079 | Lair:5   | Found a staircase to the Slime Pits.
 19079 | Lair:5   | Found a viscous altar of Jiyva.
 19520 | Lair:4   | Killed Kirke
 19521 | Lair:4   | Reached skill level 10 in Invocations
 19521 | Lair:4   | Reached XP level 14. HP: 113/113 MP: 27/27
 19752 | Lair:5   | Reached skill level 12 in Stealth
 20026 | Lair:5   | Learned a level 2 spell: Passwall
 21753 | Lair:5   | Found a corrupted altar of Lugonu.
 21753 | Lair:5   | Found a one-way gate to the infinite horrors of the Abyss.
 22077 | Lair:2   | Killed Fannar
 22179 | D:10     | Reached skill level 10 in Short Blades
 22179 | D:10     | Reached skill level 10 in Long Blades
 22179 | D:10     | Reached skill level 10 in Axes
 22179 | D:10     | Reached skill level 10 in Polearms
 22179 | D:10     | Reached skill level 10 in Staves
 22179 | D:10     | Reached skill level 10 in Ranged Weapons
 22179 | D:10     | Reached skill level 10 in Throwing
 22179 | D:10     | Reached skill level 10 in Dodging
 22179 | D:10     | Reached skill level 13 in Stealth
 22179 | D:10     | Reached skill level 10 in Unarmed Combat
 22179 | D:10     | Reached skill level 10 in Spellcasting
 22179 | D:10     | Reached skill level 10 in Evocations
 22179 | D:10     | Reached XP level 15. HP: 120/120 MP: 27/29
 22576 | D:11     | Learned a level 3 spell: Swiftness
 22933 | D:12     | Found a flickering gateway to a bazaar.
 22964 | Bazaar   | Entered a bazaar
 22967 | Bazaar   | Found Ypenwoath's General Store.
 22977 | Bazaar   | Found Xioq's Jewellery Emporium.
 22981 | Bazaar   | Found Foim Ysmi's Antique Armour Shop.
 22990 | Bazaar   | Bought a pair of glowing boots for 165 gold pieces
 23006 | Bazaar   | Found Ifaniuf's Jewellery Boutique.
 23010 | Bazaar   | Found Lyteu's Antique Weapon Shop.
 23014 | Bazaar   | Bought the ring "Com Bacw" {Drain rPois Int+2 Slay+2 SInv}
                  | for 305 gold pieces
 23019 | Bazaar   | Bought a translucent mace for 248 gold pieces
 23019 | Bazaar   | Identified the +6 mace of the Holding Queen {vamp, rElec
                  | rN+ rCorr} (You bought it in a shop in a bazaar)
 23046 | Bazaar   | Bought 3 atropa-tipped darts for 24 gold pieces
 23046 | Bazaar   | Bought a +1 helmet of intelligence for 148 gold pieces
 23046 | Bazaar   | Bought a wand of roots (5) for 108 gold pieces
 23055 | Bazaar   | Bought a ring of protection from fire for 200 gold pieces
 23055 | Bazaar   | Bought an amulet of the acrobat for 240 gold pieces
 23597 | D:12     | Found a corrupted altar of Lugonu.
 23605 | D:12     | Got Lugonu's Monograph on Rot
 23929 | D:12     | Found a staircase to the Orcish Mines.
 24145 | D:12     | Got Beginning Wizarding
 24238 | Orc:1    | Entered Level 1 of the Orcish Mines
 24633 | Orc:2    | Entered Level 2 of the Orcish Mines
 25019 | Orc:2    | Found Lenketes's Antique Weapon Shop.
 25033 | Orc:2    | Reached XP level 16. HP: 127/127 MP: 30/30
 25104 | Orc:2    | Found Zuoh's Antique Armour Emporium.
 25223 | Orc:2    | Bought a glowing eveningstar for 414 gold pieces
 25324 | Orc:2    | Found a staircase to the Elven Halls.
 25663 | Orc:2    | Found Rachag's Book Shop.
 25686 | Orc:2    | Found Resk's Antique Weapon Emporium.
 25745 | Orc:2    | Bought a book of Cantrips for 192 gold pieces
 25745 | Orc:2    | Bought an Inescapable Atlas for 512 gold pieces
 25747 | Orc:2    | Learned a level 1 spell: Apportation
 25750 | Orc:2    | Learned a level 2 spell: Blink
 25755 | Orc:2    | Learned a level 4 spell: Cause Fear
 26386 | Orc:1    | Found a transporter.
 26522 | Orc:2    | Bought a glowing ring mail for 168 gold pieces
 26525 | Orc:2    | Bought a runed ring mail for 168 gold pieces
 26528 | Orc:2    | Bought a shiny scale mail for 168 gold pieces
 26567 | Orc:2    | Bought a +2 buckler of resistance for 581 gold pieces
 26622 | Orc:2    | Bought a +3 ring mail of fire resistance for 364 gold
                  | pieces
 26750 | D:13     | Found a runed translucent gate.
 26751 | D:13     | Found a runed translucent gate.
 26751 | D:13     | Found a runed translucent gate.
 27377 | D:13     | Reached skill level 14 in Stealth
 27475 | D:13     | Identified the +2 lajatang of Karma {drain, Contam *Corrode
                  | rElec Dex+9}
 27895 | D:13     | Noticed Nialiw's ghost (journeyman GnHu)
 28098 | D:13     | Slain by Nialiw's ghost

Illustrated notes

Levels and vault maps discovered:
D:1:      dpeg_chamrin_arrival_tetris, layout_basic, grunt_decor_fettered
D:2:      layout_basic, basic_altar
D:3:      minmay_wonky_spiral, layout_loops_cross,
          nicolae_overflow_crystal_walls, ebering_ghost_disaster_area,
          chequers_serial_rivers_room_a, uniq_natasha, uniq_robin
D:4:      layout_loops_ring, nicolae_overflow_hidden_temple,
          portal_sewer_entry_a, palyth_stone_intersect, st_stairs_9,
          grunt_decor_clamped, uniq_duvessa
D:5:      layout_cave_pods, lemuel_tele_altar, marbit_many_paths, minmay_holes,
          uniq_grinder
D:6:      layout_loops_corners, minmay_temple_entry_proselytizer,
          kennysheep_generic_room_11
D:7:      layout_rooms, serial_shops, nicolae_lakefront_shop, grunt_decor_cap,
          uniq_menkaure, uniq_pikel
D:8:      nicolae_cairo_tiling_large_dashed, layout_rooms,
          nicolae_hepliaklqana_monster_ancestors,
          mainiacjoe_overflow_cross_hatched, serial_shops, shop
D:9:      minmay_the_grid_square_5x5_3x3 [minmay_the_grid_square_5x5_spiral,
          minmay_the_grid_square_5x5_percent,
          minmay_the_grid_square_5x5_misaligned,
          minmay_the_grid_square_5x5_gyroscope,
          minmay_the_grid_square_5x5_megaprize_open,
          minmay_the_grid_square_5x5_n, minmay_the_grid_square_5x5_eight_small,
          minmay_the_grid_square_5x5_trominoes,
          minmay_the_grid_square_5x5_two_walls_b], layout_cave_pools,
          xom_redecorated, kennysheep_orc_sif_temple
D:10:     layout_loops_ring, kennysheep_mini_moat,
          grunt_lair_entry_orc_guard_hut, minmay_misc_feat_encased,
          minmay_fractal_squares_gapless_5
D:11:     layout_cave_pools
D:12:     layout_basic, hiddenorc1_lemuel, serial_shops, bzr_entry_islet,
          serial_corexii_hall, chequers_hall_statues_corner_a,
          corexii_hall_statues_deadend, chequers_hall_statues_corner_a,
          corexii_hall_statues_t, tgw_lugonu_bribe
D:13:     four-leaf_vault, layout_irregular_city, gammafunk_ghost_icy,
          minmay_joined_circles
Lair:1:   layout_loops_ring, chequers_serial_rivers_micro_b, grunt_megastairs_3,
          lemuel_fruit_tree
Lair:2:   beast_lair_carwin_large_1, layout_small_grid, uniq_fannar,
          uniq_nergalle
Lair:3:   layout_misc_corridors, elwin_shoals_entry_rooms,
          spider_nest_entry_rubble, basic_altar
Lair:4:   layout_gridlike, gammafunk_ghost_necromancy, minivault_24
Lair:5:   hellmonk_lair_end_abyssal_woods, layout_big_grid, slime_entry_1,
          grunt_megastairs_4, infiniplex_staircase_pool_2, uniq_kirke
Orc:1:    emtedronai_trogs_sanctum, layout_caves
Orc:2:    st_orc_town, layout_diamond_mine, bh_open_orc_temple

Skill      XL: |  1  2  3  4  5  6  7  8  9 10 11 12 13 14 15 16 |
---------------+-------------------------------------------------+-----
Short Blades   | 1 2 3 5 6 7 8 9 10 | 10.8
Long Blades    | 1 2 3 5 6 7 8 9 10 | 10.8
Axes           | 1 2 3 5 6 7 8 9 10 | 10.8
Polearms       | 1 2 3 5 6 7 8 9 10 | 10.8
Staves         | 1 2 3 5 6 7 8 9 10 | 10.8
Ranged Weapons | 1 2 3 5 6 7 8 9 10 | 10.8
Throwing       | 1 2 3 5 6 7 8 9 10 | 10.8
Dodging        | 1 2 3 5 6 7 8 9 10 | 10.8
Stealth        | 1 2 3 5 6 8 10 11 13 14 | 14.1
Unarmed Combat | 1 2 3 5 6 7 8 9 10 | 10.8
Spellcasting   | 1 2 3 5 6 7 8 9 10 | 10.8
Invocations    | 1 2 3 4 5 6 7 8 10 11 | 11.7
Evocations     | 1 2 3 5 6 7 8 9 10 | 10.8
Conjurations   | 1 2 3 4 5 6 7 8 9 |  9.1
Hexes          | 1 2 3 4 5 6 7 8 9 |  9.1
Summonings     | 1 2 3 4 5 6 7 8 9 |  9.1
Necromancy     | 1 2 3 4 5 6 7 8 9 |  9.1
Translocations | 1 2 3 4 5 6 7 8 9 |  9.1
Transmutations | 1 2 3 4 5 6 7 8 9 |  9.1
Fire Magic     | 1 2 3 4 5 6 7 8 9 |  9.1
Ice Magic      | 1 2 3 4 5 6 7 8 9 |  9.1
Air Magic      | 1 2 3 4 5 6 7 8 9 |  9.1
Earth Magic    | 1 2 3 4 5 6 7 8 9 |  9.1
Poison Magic   | 1 2 3 4 5 6 7 8 9 |  9.1
Maces & Flails | 5 6 7 8 9 10 11 | 11.7
Fighting       | 7 8 9 10 11 12 | 12.5
Armour         | 7 8 9 10 11 12 | 12.5
Shields        | 7 8 9 10 11 12 | 12.5

Action                     |  1- 3 |  4- 6 |  7- 9 | 10-12 | 13-15 | 16-18 || total
---------------------------+-------+-------+-------+-------+-------+-------++-------
  Melee: Flail             |    69 |    20 |       |       |       |       ||    89
         Bite              |     7 |    14 |    33 |   104 |   125 |    40 ||   323
         Mace              |       |   159 |   179 |       |       |       ||   338
         Unarmed           |       |     1 |       |       |     2 |       ||     3
         Morningstar       |       |       |    76 |   689 |   828 |    72 ||  1665
         Dagger            |       |       |       |     3 |     7 |    10 ||    20
         Eveningstar       |       |       |       |       |       |   262 ||   262
   Fire: Sling             |    15 |    62 |    78 |   134 |   212 |    21 ||   522
  Throw: Dart              |     1 |     6 |    18 |    53 |    37 |     5 ||   120
         Javelin           |       |       |       |       |     2 |       ||     2
         Boomerang         |       |       |       |       |       |     8 ||     8
   Cast: Wereblood         |       |       |       |       |    22 |    14 ||    36
 Invoke: Call Merchant     |       |       |       |       |       |     1 ||     1
  Evoke: Wand              |       |       |       |     1 |     5 |       ||     6
         Phial of floods   |       |       |       |       |     1 |       ||     1
    Use: Potion            |       |       |     1 |       |     1 |     1 ||     3
         Scroll            |       |       |       |    19 |    13 |     3 ||    35
   Stab: Sleeping          |       |     1 |       |     2 |     8 |    12 ||    23
         Distracted        |       |       |     1 |     2 |     4 |     1 ||     8
         Invisible         |       |       |       |       |     2 |       ||     2
         Petrified         |       |       |       |       |       |     2 ||     2
 Armour: Scale mail        |    32 |    53 |    64 |    14 |       |       ||   163
         Skin              |       |     4 |       |       |       |       ||     4
         Leather armour    |       |       |       |   144 |   175 |    41 ||   360
         Ring mail         |       |       |       |       |       |    75 ||    75
  Dodge: Dodged            |    54 |    85 |   161 |   467 |   732 |   244 ||  1743
         Repelled          |       |       |       |     2 |     7 |     9 ||    18
  Block: Buckler           |    24 |    56 |    96 |   193 |   306 |   132 ||   807

Table legend: (Time is in decaauts)
 A = Elapsed time spent in this place.
 B = Non-inter-level travel time spent in this place.
 C = Inter-level travel time spent in this place.
 D = Time resting spent in this place.
 E = Time spent auto-exploring this place.
 F = Levels seen in this place.
 G = Mean time per level.
                   A        B        C        D        E       F      G
               +--------+--------+--------+--------+--------+-----+--------+
         Total |  28271 |  25970 |   2301 |    974 |  17989 |  22 | 1285.0 |
       Dungeon |  16196 |  14699 |   1497 |    603 |  10256 |  13 | 1245.8 |
          Lair |   9104 |   8578 |    526 |    371 |   5935 |   5 | 1820.8 |
  Orcish Mines |   2402 |   2125 |    277 |      0 |   1434 |   2 | 1201.0 |
        Bazaar |    128 |    128 |      0 |      0 |     49 |   1 |  128.0 |
         Sewer |    439 |    439 |      0 |      0 |    315 |   1 |  439.0 |
               +--------+--------+--------+--------+--------+-----+--------+

Top non-repeatable levels by time:
  Lair:5: 2444 daAuts
  Lair:1: 2038 daAuts
     D:6: 1875 daAuts
  Lair:2: 1765 daAuts
     D:8: 1642 daAuts
     D:9: 1634 daAuts
   Orc:2: 1621 daAuts
  Lair:4: 1576 daAuts
     D:3: 1508 daAuts
    D:13: 1346 daAuts
     D:7: 1339 daAuts
    D:10: 1339 daAuts
  Lair:3: 1279 daAuts
    D:12: 1254 daAuts
     D:5: 1229 daAuts
